 Dungeon Crawl Stone Soup version 0.22-a0-845-g8bfc27d406 (webtiles) character file.

1316 Htamos the Charmwright (level 8, -4/61 HPs)
             Began as a Merfolk Skald on July 26, 2018.
             Was a Follower of Nemelex Xobeh.
             Slain by a rapier of chaos (9 damage)
             ... on level 5 of the Dungeon.
             The game lasted 00:35:44 (8710 turns).

Htamos the Charmwright (Merfolk Skald)              Turns: 8710, Time: 00:35:44

Health: -4/61      AC:  0    Str: 14    XL:     8   Next: 59%
Magic:  14/14      EV: 17    Int: 12    God:    Nemelex Xobeh [*.....]
Gold:   163        SH:  0    Dex: 13    Spells: 8/15 levels left

rFire    . . .     SeeInvis .   (weapon currently unavailable)
rCold    . . .     Gourm    .   (shield currently unavailable)
rNeg     . . .     Faith    .   (armour currently unavailable)
rPois    .         Spirit   .   (helmet currently unavailable)
rElec    .         Reflect  .   (cloak currently unavailable)
rCorr    .         Harm     .   (gloves currently unavailable)
MR       .....                  (boots currently unavailable)
Stlth    +.........             (no amulet)
HPRegen  0.20/turn              (ring currently unavailable)
MPRegen  0.14/turn              (ring currently unavailable)

@: lethally poisoned (-4 -> -5), pig-form, slowed
A: small, (change form in water), (swift swim), (stealthy swim)
a: Renounce Religion


You were on level 5 of the Dungeon.
You worshipped Nemelex Xobeh.
Nemelex Xobeh was aware of your devotion.
You were not hungry.
You were a filthy swine.
You visited 1 branch of the dungeon, and saw 5 of its levels.

You collected 163 gold pieces.

Inventory:

Hand Weapons
 a - a +1 spear
 e - a +0 dagger of draining
 h - a +0 hunting sling
 m - a +0 hunting sling
 r - a +0 rapier of holy wrath
 s - a +4 dagger of venom
 u - a +3 quarterstaff of chaos
 z - a +0 halberd of holy wrath (melded)
Missiles
 i - 7 javelins (quivered)
 l - 196 stones
 G - a throwing net
Armour
 b - a +0 leather armour
 j - a +1 pair of gloves (melded)
 v - a +0 cloak (melded)
 x - a +0 helmet (melded)
 D - a +2 buckler
 E - a +0 ring mail (melded)
Jewellery
 c - a +3 ring of evasion (melded)
 f - a +2 ring of strength (melded)
 I - a +4 ring of evasion
 J - a cursed ring of attention {unknown}
Wands
 q - a wand of random effects (11)
Scrolls
 n - a scroll of remove curse
 p - a scroll of magic mapping
 t - a scroll of blinking
 y - a scroll of enchant weapon
 K - 3 scrolls of immolation {unknown}
Potions
 g - 2 potions of brilliance
 k - a potion of haste
 w - 2 potions of might
 F - a potion of magic {unknown}
 H - a potion of flight {unknown}
Miscellaneous
 B - a plain deck of escape
Comestibles
 d - 9 rations


   Skills:
 + Level 4.5 Fighting
 + Level 6.1 Polearms
 + Level 2.7 Armour
 + Level 5.8 Dodging
 + Level 4.0 Spellcasting
 * Level 6.9 Charms


You had 8 spell levels left.
You knew the following spells:

 Your Spells              Type           Power        Failure   Level  Hunger
a - Infusion              Chrm           ###.         1%          1    #......
b - Regeneration          Chrm/Necr      ##........   16%         3    ###....
c - Spectral Weapon       Hex/Chrm       ##......     16%         3    ###....

Your spell library contained the following spells:

 Spells                   Type           Power        Failure   Level  Hunger
 Fireball                 Conj/Fire      #.........   99%         5    ######.
 Conjure Flame            Conj/Fire      #.......     54%         3    ###....
 Confuse                  Hex            #.......     54%         3    ###....
 Throw Flame              Conj/Fire      #.....       32%         2    ##.....
 Sticky Flame             Conj/Fire      #.......     91%         4    #####..
 Confusing Touch          Hex            #.....       22%         1    #......
 Flame Tongue             Conj/Fire      #....        22%         1    #......
 Metabolic Englaciation   Hex/Ice        #.........   99%         5    ######.
 Petrify                  Tmut/Erth      #.......     91%         4    #####..
 Shroud of Golubria       Chrm/Tloc      ##........   9%          2    ##.....
 Inner Flame              Hex/Fire       #.......     54%         3    ###....
 Song of Slaying          Chrm           ###.....     1%          2    ##.....
 Gell's Gravitas          Tloc           #.........   54%         3    ###....
 Yara's Violent Unravell  Hex/Tmut       #.........   99%         5    ######.


Dungeon Overview and Level Annotations

Branches:
Dungeon (5/15)             Temple (0/1) D:5

Altars:
Elyvilon
Gozag
Nemelex Xobeh
Ru
Trog
Vehumet
Xom
Yredelemnul
The Shining One

Shops:
D:4 *

Annotations:
D:5 P0WERM0DE's ghost, novice DDFi


Message History

Blink to where?
Press: ? - help, Dir - move target cursor, f - you
Okay, then.
Unknown command.
Okay, then.
Okay, then.
Okay, then.
You can't go up here!
Unknown command.
You feel sick. Something hits you!
* * * LOW HITPOINT WARNING * * *
You feel yourself slow down.
You climb downwards.
Level annotation: P0WERM0DE's ghost, novice DDFi You feel sick.
There is a stone staircase leading up here.
It was a potion of lignification.
You feel woody for a moment. Something hits you!
You die...
Your body disappears without a glow.

......[#..##..###...##.....##...#
.......#..##..#.#####.##..#######
...ยง...#..##..#....#..######...#.
..W....#..##..#....#..##.......#.
##'##..#......'....#..#......(.#.
#.4.#..'......#....#..##'#######.
##.##..########....#..#..........
.###....(<.........#..#.........#
..#.....[)......h..#..#.........#
..#................#..#.........#
#'#................#'##....###'##
.......####................#...##
.......#...................#...#.
######.#..[................#...#.
### #.###.####............#...#.
######.....# #............#.####
.'_'.......# #....###########


There were no monsters in sight!

Vanquished Creatures
  2 slaves
  An ogre (D:4)
  A centaur (D:5)
  A scorpion (D:5)
  A bullfrog zombie (D:5)
  A crimson imp (D:5)
  2 hounds
  An orc priest (D:5)
  Crazy Yiuf (D:3)
  An orc wizard (D:5)
  A worker ant (D:3)
  A statue (D:4)
  A worker ant zombie (D:5)
  Robin (D:2)
  4 gnolls (D:5)
  7 adders
  7 worms
  3 dart slugs (D:1)
  5 leopard geckos
  10 orcs
  8 giant cockroaches
  13 hobgoblins
  7 jackals
  4 kobolds
  2 quokkas
  3 ball pythons
  17 bats
  14 frilled lizards
  10 goblins
  5 rats
135 creatures vanquished.

Vanquished Creatures (collateral kills)
  Pikel (D:2)
  Duvessa (D:4)
  An ogre (D:4)
  Dowan (D:4)
  An orc (D:4)
5 creatures vanquished.

Vanquished Creatures (others)
  A slave (D:4)
  A water moccasin (D:4)
  2 spectral weapons
4 creatures vanquished.

Grand Total: 144 creatures vanquished

Notes
Turn   | Place    | Note
-------+----------+-------------------------------------------
     0 | D:1      | Htamos the Merfolk Skald began the quest for the Orb.
     0 | D:1      | Reached XP level 1. HP: 16/16 MP: 3/3
   189 | D:1      | Reached XP level 2. HP: 22/23 MP: 5/5
   612 | D:1      | Reached XP level 3. HP: 28/28 MP: 6/6
   754 | D:1      | Reached skill level 1 in Armour
  1392 | D:2      | Reached XP level 4. HP: 31/34 MP: 7/7
  1462 | D:2      | Learned a level 3 spell: Regeneration
  1466 | D:2      | Learned a level 3 spell: Spectral Weapon
  2301 | D:3      | Reached XP level 5. HP: 21/40 MP: 5/8
  2682 | D:3      | Noticed Robin
  2718 | D:2      | Killed Robin
  3333 | D:3      | Found a glowing golden altar of the Shining One.
  3336 | D:3      | Found a basalt altar of Yredelemnul.
  3373 | D:3      | Noticed a profane servitor
  3442 | D:3      | Found a runed door.
  3446 | D:3      | Noticed Crazy Yiuf
  3694 | D:4      | Noticed an ogre
  3915 | D:3      | Noticed an angel
  4072 | D:4      | Noticed a slave
  4072 | D:4      | Noticed Pikel
  4074 | D:4      | Noticed a slave
  4080 | D:4      | Noticed a slave
  4081 | D:4      | Noticed a slave
  4406 | D:2      | Killed a slave
  5019 | D:4      | Found a sparkling altar of Nemelex Xobeh.
  5020 | D:4      | Found a sacrificial altar of Ru.
  5021 | D:4      | Found a bloodstained altar of Trog.
  5022 | D:4      | Noticed an ogre
  5023 | D:4      | Became a worshipper of Nemelex Xobeh the Trickster
  5083 | D:5      | Entered Level 5 of the Dungeon
  5161 | D:5      | Found a white marble altar of Elyvilon.
  5228 | D:5      | Reached XP level 6. HP: 23/47 MP: 10/10
  5411 | D:4      | Received a gift from Nemelex Xobeh
  5464 | D:4      | Noticed Duvessa
  5464 | D:4      | Noticed Dowan
  5479 | D:4      | Killed Duvessa
  5479 | D:4      | Reached skill level 5 in Charms
  5484 | D:4      | Killed Dowan
  5717 | D:3      | Killed a slave
  6006 | D:3      | Killed Crazy Yiuf
  6006 | D:3      | Reached XP level 7. HP: 52/52 MP: 11/11
  6074 | D:2      | Killed Pikel
  6074 | D:2      | Reached skill level 5 in Polearms
  6074 | D:2      | Reached skill level 5 in Dodging
  6074 | D:2      | Reached XP level 8. HP: 43/60 MP: 11/13
  6253 | D:3      | Found a glowing golden altar of the Shining One.
  6266 | D:3      | Found a basalt altar of Yredelemnul.
  6480 | D:4      | Found an opulent altar of Gozag.
  6480 | D:4      | Found Gozag's Platinum Reserve.
  6612 | D:4      | Found a radiant altar of Vehumet.
  7244 | D:5      | Reached * piety under Nemelex Xobeh
  7244 | D:5      | Received a gift from Nemelex Xobeh
  7392 | D:5      | Found a staircase to the Ecumenical Temple.
  7545 | D:5      | Found a runed door.
  8472 | D:5      | Found a shimmering altar of Xom.
  8472 | D:5      | Noticed P0WERM0DE's ghost (novice DDFi)
  8472 | D:5      | Noticed a rapier of chaos
  8710 | D:5      | Slain by a rapier of chaos

Vault maps used:
D:1:      tarquinn_simple_flora_water_f, minmay_lizard_king
D:3:      grunt_temple_overflow_holy_war, minmay_misc_feat_alley, uniq_robin,
          uniq_crazy_yiuf_cottage
D:4:      grunt_temple_overflow_open, vehumet_statue, roderic_batcave,
          nicolae_gozag_zags_fifth_avenue, uniq_duvessa, uniq_pikel
D:5:      kennysheep_six_static_rooms, lemuel_doored_altar,
          minmay_temple_entry_poolview, nicolae_ossuary_entry_plus,
          ebering_ghost_xom, first_ration

Skill      XL: |  1  2  3  4  5  6  7  8 |
---------------+-------------------------+-----
Dodging        | 3 4 5 |  5.8
Armour         | 1 2 |  2.7
Charms         | 4 5 6 |  6.9
Polearms       | 4 5 6 |  6.1
Fighting       | 3 4 |  4.5
Spellcasting   | 3 4 |  4.0

Action                   |  1- 3 |  4- 6 |  7- 9 || total
-------------------------+-------+-------+-------++-------
Melee: Spear             |    92 |   408 |    95 ||   595
       Dagger            |    60 |       |     3 ||    63
       Halberd           |       |       |    72 ||    72
 Cast: Infusion          |     1 |     8 |       ||     9
       Spectral Weapon   |       |       |     2 ||     2
Evoke: Deck              |       |     4 |     4 ||     8
       Wand              |       |       |    15 ||    15
  Use: Scroll            |     2 |     7 |     5 ||    14
       Potion            |       |     4 |     1 ||     5
 Stab: Sleeping          |     2 |       |       ||     2
       Distracted        |       |     1 |       ||     1
  Eat: Chunk             |     2 |     8 |     9 ||    19
       Ration            |       |     2 |       ||     2
Armor: Leather armour    |    37 |    56 |    27 ||   120
       Ring mail         |       |       |    25 ||    25
Dodge: Dodged            |    74 |   214 |   130 ||   418

Table legend:
 A = Spawn XP
 B = Non-spawn XP
 C = Spawn XP percentage of total XP
 D = Spawn monster count
 E = Non-spawn monster count
 F = Spawn count percentage of total count
 G = Total turns spent on level
                    A         B        C        D         E        F      G
               +---------+---------+-------+---------+---------+-------+---------
         Total |       0 |    1881 |   0.0 |       0 |     138 |   0.0 |  8710
               +---------+---------+-------+---------+---------+-------+---------
           D:1 |       0 |      54 |   0.0 |       0 |      31 |   0.0 |  1258
           D:2 |       0 |     699 |   0.0 |       0 |      24 |   0.0 |  1941
           D:3 |       0 |     181 |   0.0 |       0 |      37 |   0.0 |  2446
           D:4 |       0 |     429 |   0.0 |       0 |      22 |   0.0 |  1356
           D:5 |       0 |     518 |   0.0 |       0 |      24 |   0.0 |  1709
               +---------+---------+-------+---------+---------+-------+---------
